 Dungeon Crawl Stone Soup version 0.28.0-53-g5a82cb258f (webtiles) character file.

Game seed: 15915020328124480324

2132 Revguard the Skirmisher (level 9, -2/62 HPs)
             Began as a Demonspawn Gladiator on July 19, 2022.
             Was a Priest of Hepliaklqana.
             Slain by a wyvern zombie (7 damage)
             ... on level 7 of the Dungeon.
             The game lasted 00:16:52 (6220 turns).

Revguard the Skirmisher (Demonspawn Gladiator)      Turns: 6220, Time: 00:16:53

Health: -2/62      AC:  8    Str: 21    XL:     9   Next: 9%
Magic:  12/12      EV: 12    Int: 10    God:    Hepliaklqana [***...]
Gold:   62         SH:  6    Dex: 18    Spells: 8/8 levels left

rFire   . . .      SeeInvis .   a - +0 long sword
rCold   . . .      Faith    .   (no shield)
rNeg    . . .      Spirit   .   q - +0 scale mail
rPois   .          Reflect  .   c - +0 helmet
rElec   .          Harm     .   (no cloak)
rCorr   .          Rampage  .   (no gloves)
Will    +....                   (no boots)
Stlth   ..........              (no amulet)
HPRegen 0.20/turn               f - +6 ring of strength
MPRegen 0.13/turn               g - ring of willpower

@: no status effects
A: reduced essence, large bone plates 2, demonic touch 1
a: Renounce Religion, Recall Ancestor, Ancestor Identity, Transference


You were on level 7 of the Dungeon.
You worshipped Hepliaklqana.
Hepliaklqana was most pleased with you.
You visited 1 branch of the dungeon, and saw 7 of its levels.

You collected 272 gold pieces.
You spent 210 gold pieces at shops.

Inventory:

Hand Weapons
 a - a +0 long sword (weapon)
Missiles
 d - 2 throwing nets (quivered)
Armour
 c - a +0 helmet (worn)
 q - a +0 scale mail (worn)
Jewellery
 f - a +6 ring of strength (left hand)
 g - a ring of willpower (right hand)
 n - a ring of ice
Wands
 p - a wand of polymorph (5)
Scrolls
 i - a scroll of fog
 l - 2 scrolls of vulnerability
 o - a scroll of amnesia {unknown}
Potions
 b - a potion of curing
 e - a potion of mutation
 h - 2 potions of ambrosia {unknown}
 j - a potion of might
 k - 2 potions of flight
 m - 2 potions of lignification


   Skills:
 * Level 6.2 Fighting
 + Level 4.6 Long Blades
 - Level 1.7 Throwing
 * Level 5.4 Armour
 + Level 4.6 Dodging
 + Level 5.2 Invocations
 + Level 4.0 Evocations


You had 8 spell levels left.
You didn't know any spells.
Your spell library contained the following spells:

 Spells                   Type           Power      Damage    Failure   Level
 Shock                    Conj/Air       0%         1d3       67%         1
 Gell's Gravitas          Tloc           0%         N/A       96%         3
 Swiftness                Air            0%         N/A       96%         3
 Teleport Other           Tloc           0%         N/A       96%         3
 Airstrike                Air            0%         N/A       100%        4
 Leda's Liquefaction      Hex/Erth       0%         N/A       100%        4
 Lee's Rapid Deconstruct  Erth           0%         3d5*      100%        5
 Dispersal                Tloc           0%         N/A       100%        6
 Statue Form              Tmut/Erth      0%         N/A       100%        6


Dungeon Overview and Level Annotations

Branches:
Dungeon (7/15)             Temple (0/1) D:6

Altars:
Hepliaklqana
Makhleb
Sif Muna
Trog

Shops:
D:4 (   D:6 (


Innate Abilities, Weirdness & Mutations

Your life essence is reduced to manifest your ancestor. (-10% HP)
You are mostly covered in large bone plates. (SH +6)
Your touch may inflict minor irresistible damage on your foes.


Message History

Impisi hits the ogre with a +0 dagger of draining.
Impisi drains the ogre.
You hit the ogre.
The ogre is almost dead.
The ogre hits you with a +0 giant club!!
Impisi barely misses the ogre.
The wyvern zombie closely misses you.
You hit the ogre.
The ogre is almost dead.
The ogre hits you with a +0 giant club!
* * * LOW HITPOINT WARNING * * *
The wyvern zombie barely misses you.
Impisi points at the ogre and mumbles some strange words.
The ogre appears confused.
The wyvern zombie bites you but does no damage.
You hit the ogre.
You kill the ogre!
The wyvern zombie bites you.
* * * LOW HITPOINT WARNING * * *
Impisi hits the wyvern zombie with a +0 dagger of draining.
Your Evocations skill increases to level 4!
You slash the wyvern zombie!
You touch the wyvern zombie.
The wyvern zombie is moderately damaged.
The wyvern zombie bites you.
* * * LOW HITPOINT WARNING * * *
Impisi barely misses the wyvern zombie.
The wyvern zombie bites you but does no damage.
You feel better. The wyvern zombie barely misses you.
Impisi hits the wyvern zombie with a +0 dagger of draining!
You barely miss the wyvern zombie.
The wyvern zombie is heavily damaged.
The wyvern zombie barely misses you.
Impisi hits the wyvern zombie with a +0 dagger of draining.
The wyvern zombie bites you.
* * * LOW HITPOINT WARNING * * *
You hit the wyvern zombie but do no damage.
You touch the wyvern zombie.
The wyvern zombie is severely damaged.
Impisi hits the wyvern zombie with a +0 dagger of draining.
The wyvern zombie bites you!
You die...

...# ...# .
...# .. ...#
... ...# ....
...#
.....###...####
...[...ZR).....
.......@)..####
...##.#.#### .
#.#.# # #.# ..#
###


You could see the friendly Impisi the hexer and a wyvern zombie (ally target).

Vanquished Creatures
  An orc warrior (D:6)
  2 ogres
  A sky beast (D:6)
  A phantom (D:3)
  A bullfrog (D:6)
  A scorpion (D:5)
  A centaur zombie (D:6)
  3 orc priests
  3 hounds
  3 jellies
  2 bullfrog skeletons
  3 iguanas
  An orc wizard (D:6)
  6 adders
  An ufetubus (D:6)
  An adder skeleton (D:4)
  3 dart slugs
  6 orcs
  A bat (D:2)
  9 endoplasms
  A giant cockroach (D:2)
  5 goblins
  A hobgoblin (D:4)
  3 jackals
  7 quokkas
  2 ball pythons
  6 frilled lizards
  A quokka skeleton (D:4)
  2 rats
78 creatures vanquished.

Vanquished Creatures (collateral kills)
  2 water moccasins
  A sky beast (D:6)
  2 black bears
  2 ogres
  2 scorpions
  A centaur zombie (D:5)
  A hound (D:4)
  A centaur skeleton (D:2)
  An iguana (D:6)
  3 orc wizards
  3 adders
  15 orcs
  A bat (D:3)
  A goblin (D:3)
  2 hobgoblins
  4 jackals
  A quokka (D:2)
  A ball python (D:4)
  2 frilled lizards
  A kobold (D:1)
  3 rats
50 creatures vanquished.

Vanquished Creatures (others)
  A wizard (D:5)
  2 hexers (D:4)
  An ancestor (D:4)
4 creatures vanquished.

Grand Total: 132 creatures vanquished

Notes
Turn   | Place    | Note
-------+----------+-------------------------------------------
     0 | D:1      | Revguard the Demonspawn Gladiator began the quest for the
                  | Orb.
     0 | D:1      | Reached XP level 1. HP: 16/16 MP: 1/1
    82 | D:1      | Found a faded altar of an unknown god.
   117 | D:1      | Prayed at the altar of an unknown god.
   117 | D:1      | Became a worshipper of Hepliaklqana the Forgotten
   117 | D:1      | Reached * piety under Hepliaklqana
   564 | D:2      | Gained mutation: You are partially covered in large bone
                  | plates. (SH +4) [demonic ancestry]
   564 | D:2      | Reached XP level 2. HP: 19/19 MP: 2/2
   661 | D:2      | Reached skill level 1 in Armour
   713 | D:2      | Reached skill level 1 in Invocations
   713 | D:2      | Reached XP level 3. HP: 17/25 MP: 3/3
   718 | D:2      | Reached skill level 1 in Evocations
   983 | D:2      | Reached XP level 4. HP: 30/30 MP: 4/4
  1048 | D:2      | You fall into a shaft and drop 2 floors!
  1087 | D:4      | Reached skill level 3 in Fighting
  1234 | D:4      | Reached XP level 5. HP: 33/36 MP: 6/6
  1349 | D:3      | Noticed a phantom
  1375 | D:3      | Killed a phantom
  1376 | D:3      | Reached XP level 6. HP: 5/42 MP: 7/7
  1757 | D:3      | Reached ** piety under Hepliaklqana
  1758 | D:3      | Remembered your ancestor Impisi as a hexer
  2607 | D:2      | Reached skill level 4 in Fighting
  3112 | D:4      | Reached XP level 7. HP: 28/48 MP: 9/9
  3595 | D:4      | Found Deah's Weapon Emporium.
  3882 | D:5      | Entered Level 5 of the Dungeon
  4048 | D:5      | Identified the +7 whip "Ytiyfupp" {antimagic, Str+2}
  4301 | D:5      | Found a shimmering blue altar of Sif Muna.
  4307 | D:5      | Reached skill level 5 in Fighting
  4307 | D:5      | Gained mutation: Your touch may inflict minor irresistible
                  | damage on your foes. [demonic ancestry]
  4307 | D:5      | Reached XP level 8. HP: 12/55 MP: 9/11
  4632 | D:5      | Found a bloodstained altar of Trog.
  4634 | D:5      | Noticed a wizard
  4638 | D:5      | Killed a wizard
  4885 | D:6      | Reached *** piety under Hepliaklqana
  5065 | D:6      | Found a staircase to the Ecumenical Temple.
  5120 | D:6      | Found Joesiefe's Antique Weapon Emporium.
  5266 | D:6      | Bought a glowing scimitar for 210 gold pieces
  5399 | D:6      | Reached skill level 5 in Armour
  5855 | D:6      | Reached skill level 6 in Fighting
  5855 | D:6      | Reached skill level 5 in Invocations
  5932 | D:6      | Found a burning altar of Makhleb.
  6058 | D:6      | Gained mutation: You are mostly covered in large bone
                  | plates. (SH +6) [demonic ancestry]
  6058 | D:6      | Reached XP level 9. HP: 56/62 MP: 12/12
  6220 | D:7      | Slain by a wyvern zombie

Illustrated notes

Levels and vault maps discovered:
D:1:      minmay_arrival_four_circles, layout_basic,
          ebering_ecumenical_altar_hall
D:2:      layout_rooms, kennysheep_nub, grunt_ministairs_9
D:3:      layout_loops_ring
D:4:      layout_cave_pods, serial_shops, nicolae_shop_behind_doors,
          minmay_fractal_squares_5
D:5:      layout_rooms, mainiacjoe_overflow_24_doors, trog_wizard,
          serial_rivers, chequers_serial_rivers_micro_a,
          chequers_serial_rivers_room_b, chequers_serial_rivers_micro_c,
          chequers_serial_rivers_micro_e
D:6:      layout_loops_ring, mainiacjoe_overflow_concentric_impassable,
          temple_doors_e, serial_shops, shop
D:7:      layout_basic, zin_academy, minmay_misc_feat_rows

Skill      XL: |  1  2  3  4  5  6  7  8  9 |
---------------+----------------------------+-----
Armour         | 1 2 3 4 5 |  5.4
Invocations    | 1 2 3 4 5 |  5.2
Dodging        | 3 4 |  4.6
Evocations     | 1 2 3 4 |  4.0
Long Blades    | 3 4 |  4.6
Fighting       | 3 4 5 6 |  6.2
Throwing       | |  1.7

Action                   |  1- 3 |  4- 6 |  7- 9 || total
-------------------------+-------+-------+-------++-------
Melee: Long sword        |    46 |   126 |   166 ||   338
       Punch             |     1 |     2 |     5 ||     8
       Touch             |       |       |    19 ||    19
Throw: Throwing net      |       |     1 |       ||     1
Invok: Ancestor Identity |     1 |       |       ||     1
       Recall Ancestor   |       |     2 |       ||     2
       Ancestor Life: He |       |     1 |       ||     1
  Use: Potion            |       |     4 |     1 ||     5
       Scroll            |       |     4 |     2 ||     6
 Stab: Sleeping          |     1 |     1 |       ||     2
       Distracted        |     1 |     1 |     6 ||     8
       Confused          |       |       |     3 ||     3
Armor: Leather armour    |    10 |    25 |     6 ||    41
       Skin              |       |    31 |       ||    31
       Ring mail         |       |       |    34 ||    34
       Scale mail        |       |       |    13 ||    13
Dodge: Dodged            |    38 |    86 |   102 ||   226
Block: Other             |     3 |    18 |    34 ||    55
